 Dungeon Crawl Stone Soup version 0.21.1-1-g345015f (webtiles) character file.

49 letownia2 the Charmwright (level 3, -3/27 HPs)
             Began as a Merfolk Skald on Mar 16, 2018.
             Slain by Terence
             ... wielding a +0 mace
              (4 damage)
             ... on level 2 of the Dungeon.
             The game lasted 00:03:18 (640 turns).

letownia2 the Charmwright (Merfolk Skald)            Turns: 640, Time: 00:03:19

Health: -3/27      AC:  4    Str: 11    XL:     3   Next: 77%
Magic:  4/6        EV: 12    Int: 13    God:
Gold:   30         SH:  0    Dex: 13    Spells: 0/6 levels left

rFire    . . .     SeeInvis .   a - +0 spear
rCold    . . .     Gourm    .   (no shield)
rNeg     . . .     Faith    .   b - +0 leather armour
rPois    .         Spirit   .   (no helmet)
rElec    .         Reflect  .   (no cloak)
rCorr    .         Harm     .   (no gloves)
MR       .....                  e - +0 pair of boots
Stlth    +.........             (no amulet)
HPRegen  0.09/turn              h - ring of flight
MPRegen  0.10/turn              (no ring)

@: no status effects
A: change form in water, swift swim, stealthy swim
a: Evoke Flight


You were on level 2 of the Dungeon.
You were not hungry.

You visited 1 branch of the dungeon, and saw 2 of its levels.

You collected 30 gold pieces.

Inventory:

Hand Weapons
 a - a +0 spear (weapon)
Missiles
 g - 5 tomahawks (quivered)
Armour
 b - a +0 leather armour (worn)
 e - a +0 pair of boots (worn)
 f - a +1 robe of magic resistance
Jewellery
 h - a ring of flight (left hand)
Books
 c - a book of Battle

   Spells                             Type                      Level
   a - Infusion                       Charms                       1
   b - Shroud of Golubria             Charms/Translocation         2
   c - Song of Slaying                Charms                       2
   d - Spectral Weapon                Hexes/Charms                 3
   e - Regeneration                   Charms/Necromancy            3
Comestibles
 d - a ration


   Skills:
 - Level 2.1 Fighting
 - Level 3.0 Polearms
 - Level 0.6 Armour
 - Level 2.6 Dodging
 - Level 2.0 Spellcasting
 + Level 1.1 Hexes
 + Level 4.5 Charms
 - Level 1.0 Translocations


You couldn't memorise any spells.
You knew the following spells:

 Your Spells              Type           Power        Failure   Level  Hunger
a - Infusion              Chrm           ##..         5%          1    ##.....
t - Shroud of Golubria    Chrm/Tloc      #.........   16%         2    ###....
x - Spectral Weapon       Hex/Chrm       #.......     32%         3    ####...


Dungeon Overview and Level Annotations

Branches:
Dungeon (2/15)

Altars:

Annotations:
D:2 Terence


Message History

Unknown command.
You hit Terence but do no damage.
Terence is heavily wounded.
Your spectral weapon hits Terence.
Terence misses you.
Unknown command.
You hit Terence but do no damage.
Terence is severely wounded.
Your spectral weapon hits Terence but does no damage.
Terence hits you with a mace!
* * * LOW HITPOINT WARNING * * *
Unknown command.
You barely miss Terence.
Terence is severely wounded.
Your spectral weapon hits Terence.
Unknown command.
You barely miss Terence.
Terence is almost dead.
Your spectral weapon barely misses Terence.
Terence hits you with a mace.
You die...

#.#. #.#. #.## #.# #####
#.. ....##############
#.......#.)...##
####(##............
#.@.....##<##.##.##
......@##.#####.##....##
###.#.( #.......##..####
#.(.. ..########...###
.....###.....##...#...
#...#.# .........###..
#...#. ........## ##.
... .. .........###.#
.....##...#..#


You could see Terence and a friendly spectral spear.

Vanquished Creatures
  An adder (D:2)
  A worm (D:2)
  2 dart slugs (D:1)
  A leopard gecko (D:2)
  A giant cockroach (D:1)
  4 goblins (D:1)
  6 hobgoblins (D:1)
  2 kobolds (D:1)
  5 bats
  A frilled lizard (D:1)
  6 rats
30 creatures vanquished.

Notes
Turn   | Place    | Note
-------+----------+-------------------------------------------
     0 | D:1      | letownia2 the Merfolk Skald began the quest for the Orb.
     0 | D:1      | Reached XP level 1. HP: 16/16 MP: 3/3
   101 | D:1      | Reached XP level 2. HP: 20/22 MP: 0/5
   109 | D:1      | Reached skill level 4 in Charms
   136 | D:1      | Learned a level 2 spell: Shroud of Golubria
   138 | D:2      | Noticed Terence
   241 | D:1      | Reached skill level 1 in Translocations
   261 | D:1      | Reached XP level 3. HP: 20/27 MP: 0/6
   266 | D:1      | Learned a level 3 spell: Spectral Weapon
   559 | D:2      | Reached skill level 1 in Hexes
   638 | D:2      | HP: 1/27 [Terence/mace (9)]
   640 | D:2      | Slain by Terence

Skill      XL: |  1  2  3 |
---------------+----------+-----
Charms         | 4 |  4.5
Translocations | 1 |  1.0
Hexes          | 1 |  1.1
Fighting       | |  2.1
Polearms       | |  3.0
Armour         | |  0.6
Dodging        | |  2.6
Spellcasting   | |  2.0

Action                   || total
-------------------------++-------
Melee: Spear             ||   120
Throw: Tomahawk          ||     1
 Cast: Infusion          ||    10
       Shroud of Golubri ||     1
       Spectral Weapon   ||     1
 Stab: Sleeping          ||     1
Armor: Leather armour    ||    16
Dodge: Dodged            ||    57
